[Event "EYCC Girls-U12 2019"]
[Site "Bratislava"]
[Date "2019.08.10"]
[Round "9.16"]
[White "Kapicakova, Lucia"]
[Black "Karavitaki, Antonia"]
[Result "1/2-1/2"]
[ECO "A05"]
[WhiteElo "1671"]
[BlackElo "1481"]
[Annotator "NA RC"]
[PlyCount "52"]
[EventDate "2019.08.02"]
[EventType "swiss"]
[EventCountry "SVK"]
[SourceTitle "playchess.com"]
[Source "ChessBase"]
[SourceQuality "1"]
[TimeControl "40/5400+30:1800+30"]

1. Nf3 Nf6 2. g3 g6 3. b3 Bg7 4. Bb2 b6 5. Bg2 Bb7 6. O-O O-O 7. c4 c5 8. d3 d5 9. cxd5 Qxd5 10. Nc3 Qd7 11. d4 cxd4 12. Nxd4 Bxg2 13. Kxg2 Rd8 14. Nf3 Nc6 15. Qxd7 Rxd7 16. Rad1 Rad8 17. Rxd7 Rxd7 18. Rd1 Rxd1 19. Nxd1 b5 20. Nd4 Nxd4 21. Bxd4 a6 22. Nc3 e6 23. Kf3 Nd7 24. Bxg7 Kxg7 25. Ke4 f5+ 26. Kd4 Kf6 1/2-1/2

[Event "EYCC Girls-U12 2019"]
[Site "Bratislava"]
[Date "2019.08.10"]
[Round "9.17"]
[White "Gasimova, Samra"]
[Black "Putinceva, Marina"]
[Result "1/2-1/2"]
[ECO "A52"]
[WhiteElo "1695"]
[BlackElo "1476"]
[Annotator "NA RC"]
[PlyCount "46"]
[EventDate "2019.08.02"]
[EventType "swiss"]
[EventCountry "SVK"]
[SourceTitle "playchess.com"]
[Source "ChessBase"]
[SourceQuality "1"]
[TimeControl "40/5400+30:1800+30"]

1. d4 Nf6 2. c4 e5 3. dxe5 Ng4 4. e3 Nxe5 5. f4 Nec6 6. Nf3 Bb4+ 7. Bd2 Bxd2+ 8. Qxd2 Na6 9. Nc3 Nc5 10. g3 d6 11. Bg2 O-O 12. O-O Be6 13. b3 Qd7 14. Ng5 h6 15. Nge4 Nxe4 16. Bxe4 f5 17. Bf3 Rae8 18. Rae1 b6 19. Re2 Ne7 20. Rfe1 Kh8 21. Nd5 Bxd5 22. cxd5 Ng8 23. e4 fxe4 1/2-1/2

[Event "EYCC Girls-U12 2019"]
[Site "Bratislava"]
[Date "2019.08.10"]
[Round "9.18"]
[White "Dubovik, Maria"]
[Black "Sala, Giulia"]
[Result "1-0"]
[ECO "C77"]
[WhiteElo "1504"]
[BlackElo "1623"]
[Annotator "NA RC"]
[PlyCount "67"]
[EventDate "2019.08.02"]
[EventType "swiss"]
[EventCountry "SVK"]
[SourceTitle "playchess.com"]
[Source "ChessBase"]
[SourceQuality "1"]
[TimeControl "40/5400+30:1800+30"]

1. e4 e5 2. Nf3 Nc6 3. Bb5 a6 4. Ba4 Nf6 5. d3 b5 6. Bb3 Bb7 7. O-O Bc5 8. c3 Bb6 9. Bg5 h6 10. Bh4 d6 11. Re1 O-O 12. Nbd2 Qe7 13. Nf1 Bc8 14. d4 exd4 15. cxd4 g5 16. Bg3 Bg4 17. Bd5 Bxf3 18. gxf3 Qd7 19. Bxc6 Qxc6 20. Rc1 Qd7 21. Ne3 Kh8 22. Nf5 h5 23. h4 g4 24. Qd2 Rg8 25. Qh6+ Nh7 26. Qxh5 gxf3 27. Qxf3 Rg6 28. Kh2 Rag8 29. e5 dxe5 30. Bxe5+ f6 31. Bg3 Rg4 32. Nh6 Rxg3 33. fxg3 Rg7 34. Qa8+ 1-0

[Event "EYCC Girls-U12 2019"]
[Site "Bratislava"]
[Date "2019.08.10"]
[Round "9.19"]
[White "Muradyan, Anahit"]
[Black "Orian, Noga"]
[Result "1-0"]
[ECO "E06"]
[WhiteElo "1353"]
[BlackElo "1628"]
[Annotator "NA RC"]
[PlyCount "63"]
[EventDate "2019.08.02"]
[EventType "swiss"]
[EventCountry "SVK"]
[SourceTitle "playchess.com"]
[Source "ChessBase"]
[SourceQuality "1"]
[TimeControl "40/5400+30:1800+30"]

1. d4 d5 2. c4 e6 3. Nf3 Be7 4. g3 Nf6 5. Bg2 O-O 6. O-O b6 7. cxd5 exd5 8. Qc2 Bb7 9. Nc3 c6 10. Rd1 Nbd7 11. e4 Nxe4 12. Nxe4 dxe4 13. Qxe4 Nf6 14. Qc2 Nd5 15. a3 Bf6 16. b4 a5 17. bxa5 Rxa5 18. Bb2 Qd6 19. Nd2 Ra7 20. Nc4 Qc7 21. Ne5 Bxe5 22. dxe5 Ne7 23. Be4 h6 24. Qc3 Rd8 25. Rxd8+ Qxd8 26. e6 f6 27. Qf3 Qf8 28. Rd1 Ra8 29. Rd7 Rb8 30. Qf4 Ba8 31. Rxe7 Qxe7 32. Qxb8+ 1-0

[Event "EYCC Girls-U12 2019"]
[Site "Bratislava"]
[Date "2019.08.10"]
[Round "9.20"]
[White "Norman, Kseniya"]
[Black "Salajan, Stefania"]
[Result "1/2-1/2"]
[ECO "B23"]
[WhiteElo "1532"]
[BlackElo "1482"]
[Annotator "NA RC"]
[PlyCount "115"]
[EventDate "2019.08.02"]
[EventType "swiss"]
[EventCountry "SVK"]
[SourceTitle "playchess.com"]
[Source "ChessBase"]
[SourceQuality "1"]
[TimeControl "40/5400+30:1800+30"]

1. e4 c5 2. Nc3 e6 3. f4 Nc6 4. Nf3 a6 5. g3 d5 6. d3 Be7 7. Bg2 dxe4 8. Nxe4 Nf6 9. O-O Nd5 10. d4 cxd4 11. Nxd4 Qb6 12. c3 Nxd4 13. Qxd4 Qxd4+ 14. cxd4 O-O 15. Nc3 Nb4 16. Be4 Bf6 17. Be3 Rd8 18. Rfd1 Nd5 19. Bf2 Rb8 20. Rac1 b5 21. f5 Nxc3 22. bxc3 exf5 23. Bc2 Be6 24. Bb3 Bc4 25. Be3 Rbc8 26. Kf2 g6 27. h4 Kg7 28. Re1 Re8 29. Bxc4 bxc4 30. Rb1 Rb8 31. Bf4 Rxb1 32. Rxb1 Rc8 33. Rb6 a5 34. Rb5 Bd8 35. a4 Kg8 36. Bd6 Rc6 37. Bc5 Bc7 38. d5 Rxc5 39. Ke3 Bb6 40. Rxb6 Rxd5 41. Rb5 Rd3+ 42. Ke2 Rxc3 43. Rxa5 Ra3 44. Ra8+ Kg7 45. Kf2 f6 46. a5 g5 47. a6 gxh4 48. gxh4 f4 49. Rc8 Rxa6 50. Rxc4 Ra2+ 51. Kf3 Ra3+ 52. Kxf4 Kg6 53. Rb4 h5 54. Rb1 Rh3 55. Rg1+ Kf7 56. Kf5 Rxh4 57. Ra1 Kg8 58. Kxf6 1/2-1/2

[Event "EYCC Girls-U12 2019"]
[Site "Bratislava"]
[Date "2019.08.10"]
[Round "9.21"]
[White "Nordquelle, Amelia"]
[Black "Shahazizyan, Milena"]
[Result "0-1"]
[ECO "E34"]
[WhiteElo "1648"]
[BlackElo "1201"]
[Annotator "NA RC"]
[PlyCount "122"]
[EventDate "2019.08.02"]
[EventType "swiss"]
[EventCountry "SVK"]
[SourceTitle "playchess.com"]
[Source "ChessBase"]
[SourceQuality "1"]
[TimeControl "40/5400+30:1800+30"]

1. d4 Nf6 2. c4 e6 3. Nc3 Bb4 4. Qc2 d5 5. e3 O-O 6. Nf3 c5 7. Bd3 dxc4 8. Bxc4 Nc6 9. a3 Bxc3+ 10. bxc3 Qc7 11. Bd3 Rd8 12. e4 cxd4 13. cxd4 Qb6 14. e5 Nxd4 15. Nxd4 Qxd4 16. Bb2 Qxd3 17. Qxd3 Rxd3 18. exf6 g6 19. Ke2 Rd5 20. Rhd1 Bd7 21. Rxd5 exd5 22. Be5 Rd8 23. Ke3 Rc8 24. Rb1 b6 25. Rb3 Kf8 26. Bd6+ Ke8 27. Kd4 Be6 28. f3 Rc4+ 29. Ke5 Rc6 30. Bb8 a6 31. a4 Kd7 32. g4 Kc8 33. Bd6 Kb7 34. a5 b5 35. Rb2 Rc4 36. h3 Kc6 37. Bb4 d4 38. Be7 Bd5 39. Rd2 Bxf3 40. Rxd4 Rxd4 41. Kxd4 h6 42. Bb4 g5 43. Bf8 h5 44. gxh5 Bxh5 45. Bh6 g4 46. h4 g3 47. Be3 Be2 48. Bf4 g2 49. Be3 b4 50. h5 Bxh5 51. Kc4 Kd6 52. Kxb4 Ke5 53. Kc3 Kxf6 54. Kd2 Ke5 55. Ke1 Ke4 56. Bg1 Kf3 57. Bf2 f5 58. Bg1 Kg3 59. Kd2 f4 60. Kd3 f3 61. Ke3 Bg4 0-1

[Event "EYCC Girls-U12 2019"]
[Site "Bratislava"]
[Date "2019.08.10"]
[Round "9.22"]
[White "Kalenichenko, Alina"]
[Black "Darmaeva, Nomina"]
[Result "1-0"]
[ECO "A06"]
[WhiteElo "1549"]
[BlackElo "1408"]
[Annotator "NA RC"]
[PlyCount "80"]
[EventDate "2019.08.02"]
[EventType "swiss"]
[EventCountry "SVK"]
[SourceTitle "playchess.com"]
[Source "ChessBase"]
[SourceQuality "1"]
[TimeControl "40/5400+30:1800+30"]

1. Nf3 d5 2. g3 Bg4 3. Bg2 Nd7 4. O-O Ngf6 5. d3 e5 6. Nbd2 Be7 7. e4 c6 8. h3 Bh5 9. g4 Bg6 10. Nh4 Nc5 11. Nf5 Bxf5 12. exf5 h6 13. Nb3 g6 14. f4 exf4 15. fxg6 fxg6 16. Bxf4 g5 17. Nxc5 Bxc5+ 18. d4 Be7 19. Be5 O-O 20. Qd3 Kg7 21. Rf5 Bd6 22. Raf1 Bxe5 23. dxe5 Nd7 24. h4 Qe7 25. hxg5 hxg5 26. e6 Nc5 27. Qd4+ Kg6 28. Rf7 Rxf7 29. exf7 Ne6 30. Qd3+ Kg7 31. Qc3+ Kg6 32. Qe5 Rf8 33. Re1 Qc5+ 34. Kh1 Ng7 35. Be4+ Kxf7 36. Bh7 Ne6 37. Qxe6+ Kg7 38. Qg6+ Kh8 39. Qh6 Qe7 40. Rxe7 Rf2 1-0

[Event "EYCC Girls-U12 2019"]
[Site "Bratislava"]
[Date "2019.08.10"]
[Round "9.23"]
[White "Bargan, Victoria"]
[Black "Lapushnian, Maya"]
[Result "1/2-1/2"]
[ECO "A57"]
[WhiteElo "1574"]
[BlackElo "1360"]
[Annotator "NA RC"]
[PlyCount "50"]
[EventDate "2019.08.02"]
[EventType "swiss"]
[EventCountry "SVK"]
[SourceTitle "playchess.com"]
[Source "ChessBase"]
[SourceQuality "1"]
[TimeControl "40/5400+30:1800+30"]

1. d4 Nf6 2. c4 c5 3. d5 b5 4. cxb5 a6 5. e3 Bb7 6. Nc3 Qa5 7. Bd2 axb5 8. Bxb5 Qb6 9. a4 Nxd5 10. Nf3 Nf6 11. O-O g6 12. Qe2 Bg7 13. Rad1 O-O 14. e4 d6 15. e5 dxe5 16. Nxe5 Ba6 17. Nc4 Bxb5 18. Nxb5 Qb7 19. Na5 Qb6 20. Qxe7 Rxa5 21. Bxa5 Qxa5 22. Qxc5 Qxa4 23. Nd6 Nbd7 24. Qc7 Qb3 25. Rde1 Qxb2 1/2-1/2

[Event "EYCC Girls-U12 2019"]
[Site "Bratislava"]
[Date "2019.08.10"]
[Round "9.24"]
[White "Khegai, Darya"]
[Black "Maria, Lia-Alexandra"]
[Result "0-1"]
[ECO "A46"]
[WhiteElo "1402"]
[BlackElo "1572"]
[Annotator "NA RC"]
[PlyCount "90"]
[EventDate "2019.08.02"]
[EventType "swiss"]
[EventCountry "SVK"]
[SourceTitle "playchess.com"]
[Source "ChessBase"]
[SourceQuality "1"]
[TimeControl "40/5400+30:1800+30"]

1. d4 Nf6 2. Nf3 e6 3. Nbd2 c5 4. c3 d5 5. e3 Nc6 6. Ne5 Nxe5 7. dxe5 Nd7 8. f4 Be7 9. Nf3 a6 10. Be2 h6 11. O-O O-O 12. Bd2 Qc7 13. Qc2 b5 14. a4 Rb8 15. axb5 axb5 16. h3 c4 17. Nd4 Nc5 18. Kh2 Ne4 19. Bf3 Nc5 20. e4 Rd8 21. Be3 Nd3 22. exd5 exd5 23. Be2 Nc5 24. Kg1 Ne4 25. Bf3 Nc5 26. b4 cxb3 27. Nxb3 Na4 28. Rfc1 Ba6 29. Bd4 Rbc8 30. Bg4 Ra8 31. f5 Bg5 32. Nd2 Bb7 33. Rcb1 Bc6 34. Nf3 Be7 35. f6 Bc5 36. fxg7 Be8 37. Qd2 Kxg7 38. e6+ f6 39. Nh4 Bg6 40. Rxb5 Bxd4+ 41. cxd4 Nc3 42. Rc5 Rxa1+ 43. Kf2 Ne4+ 44. Ke2 Qg3 45. e7 Qf2+ 0-1